 Dungeon Crawl Stone Soup version 0.29.1 (webtiles) character file.

Game seed: 471311558374222624

67 Azuregosa the Magician (level 4, 0/31 HPs)
             Began as a Djinni Fire Elementalist on Sept 12, 2022.
             Killed from afar by Natasha (9 damage)
             ... with a magic dart
             ... on level 3 of the Dungeon.
             The game lasted 00:11:28 (1666 turns).

Azuregosa the Magician (Djinni Fire Elementalist)   Turns: 1666, Time: 00:11:29

Health: 0/31       AC:  3    Str:  7    XL:     4   Next: 38%
Gold:   46         EV: 12    Int: 18    God:
                   SH:  0    Dex: 14

rFire   + + .      SeeInvis .   k - +2 mace (protect)
rCold   x . .      Faith    .   (no shield)
rNeg    . . .      Spirit   .   f - +0 robe
rPois   ∞          Reflect  .   (no helmet)
rElec   .          Harm     .   (no cloak)
rCorr   .          Rampage  .   b - +0 pair of gloves
Will    .....                   (boots unavailable)
Stlth   ++........              (no amulet)
HPRegen 0.10/turn               (no ring)
MPRegen 0.00/turn               (no ring)

@: flying
A: sickness immunity, fire resistance 2, cold vulnerability 1, float, innate
caster, HP casting, extra vitality 1
a: no special abilities


You were on level 3 of the Dungeon.
You visited 1 branch of the dungeon, and saw 3 of its levels.

You collected 46 gold pieces.

Inventory:

Hand Weapons
 c - a +0 short sword
 e - a +0 war axe
 k - a +2 mace of protection (weapon)
Armour
 a - a +0 robe
 b - a +0 pair of gloves (worn)
 d - a +0 ring mail
 f - a +0 robe (worn)
Wands
 i - a wand of flame (21)
Scrolls
 g - a scroll of butterflies {unknown}
Potions
 h - a potion of curing {unknown}
 j - a potion of degeneration {unknown}


   Skills:
 + Level 0.2 Fighting
 + Level 2.7 Dodging
 - Level 1.5 Stealth
 + Level 3.6 Spellcasting


You couldn't memorise any spells.
You knew the following spells:

 Your Spells              Type           Power      Damage    Failure   Level
a - Foxfire               Conj/Fire      64%        2x1d7     3%          1
b - Scorch                Fire           32%        2d7       5%          2
c - Conjure Flame         Conj/Fire      16%        6-21      11%         3
d - Inner Flame           Hex/Fire       16%        N/A       11%         3
e - Flame Wave            Conj/Fire      16%        2d7       34%         4
f - Beastly Appendage     Tmut           32%        N/A       3%          1
Your spell library was empty.

Dungeon Overview and Level Annotations

Branches:
Dungeon (3/15)

Altars:

Shops:
D:2 :

Annotations:
D:3 Natasha


Innate Abilities, Weirdness & Mutations

You are immune to sickness and miasma.
You are immune to poison.
Your flesh is very heat resistant. (rF++)
You are vulnerable to cold. (rC-)
You float through the air rather than walking.
You learn spells naturally, not from books.
Your magical power is your life essence.
You have superior vitality. (+4 MHP)


Message History

Natasha attacks as you move away! Natasha completely misses you.
The foxfire hits Natasha.
Natasha is severely wounded.
The foxfire hits Natasha.
Natasha is severely wounded.
Natasha closely misses you.
Casting: Foxfire (safe; 4% risk of failure)
Confirm with . or Enter, or press ? or * to list all spells.
You conjure some foxfire!
The crimson imp picks up a beetle and eats it.
Natasha claws you.
* * * LOW HITPOINT WARNING * * *
The foxfire hits Natasha.
You kill Natasha!
Natasha growls in agony!
The crimson imp disappears in a puff of smoke!
You have reached level 4!
You feel agile.
You start resting.
Your foxfire dissipates!
You start resting.
You hear the quick rusting of a very distant drain.
You start resting.
Natasha, Servant of Life and Death comes into view.
Casting: Foxfire (safe; 3% risk of failure)
Confirm with . or Enter, or press ? or * to list all spells.
You don't know that spell.
Things that are here:
a +2 mace of protection; an orc corpse
k - a +2 mace of protection Your +2 mace of protection hums with potential!
k - a +2 mace of protection (weapon)
Natasha casts a spell at you. The magic dart hits you.
* * * LOW HITPOINT WARNING * * *
You reach down and open the door.
There is an open door here.
Natasha stares at you and mumbles some strange words.
The magic dart hits you!
You die...

.....)...........
###.#..#>########
..#..#....######
###...........<#
.....####.####.#
.....####.####.#..
........(......#.#
....####.###...#.#
#.. .......#@#.#
#.#..##..#.#.# ..
#.###..#.#.#######
..
.......#h#........
# ##.
###...'........ #.
###.#........
#..†....###
####.##.### #....#
.#


You could see Natasha.

Vanquished Creatures
  Natasha (D:3)
  A worm (D:2)
  A dart slug (D:2)
  5 orcs (D:3)
  A ball python (D:3)
  4 endoplasms
  2 giant cockroaches
  3 goblins
  2 hobgoblins
  3 kobolds
  3 bats
  4 rats
30 creatures vanquished.

Vanquished Creatures (others)
  58 foxfires
58 creatures vanquished.

Grand Total: 88 creatures vanquished

Notes
Turn   | Place    | Note
-------+----------+-------------------------------------------
     0 | D:1      | Azuregosa the Djinni Fire Elementalist began the quest for
                  | the Orb.
     0 | D:1      | Azuregosa set off with the following spells memorised:
                  | Foxfire, Scorch, Conjure Flame, Inner Flame, Flame Wave.
     0 | D:1      | Reached XP level 1. HP: 15/15 MP: 0/0
   265 | D:2      | Found Uckoz's Book Shoppe.
   552 | D:2      | Reached XP level 2. HP: 14/21 MP: 0/0
  1032 | D:2      | Reached skill level 3 in Spellcasting
  1258 | D:3      | Reached XP level 3. HP: 24/25 MP: 0/0
  1258 | D:3      | Learned a level 1 spell: Beastly Appendage
  1609 | D:3      | Noticed Natasha
  1623 | D:3      | Killed Natasha
  1624 | D:3      | Reached XP level 4. HP: 7/31 MP: 0/0
  1649 | D:3      | Noticed Natasha
  1666 | D:3      | Killed from afar by Natasha

Illustrated notes

Levels and vault maps discovered:
D:1:      ncdulo_smallfort, layout_basic, hangedman_decor_push, grunt_decor_cap,
          dk_noncrumbling_4, patterned_corridor
D:2:      layout_loops_ring, serial_shops, shop
D:3:      layout_basic, hellmonk_ecumenical_altar_watching_god,
          portal_sewer_entry_f, uniq_natasha

Skill      XL: |  1  2 |
---------------+-------+-----
Spellcasting   | 3 |  3.6
Fighting       | |  0.2
Dodging        | |  2.7
Stealth        | |  1.5

Action                   |  1- 3 |  4- 6 || total
-------------------------+-------+-------++-------
Melee: Short sword       |    33 |       ||    33
       Unarmed           |    10 |       ||    10
       Punch             |     1 |       ||     1
 Cast: Foxfire           |    41 |       ||    41
Armor: Robe              |    17 |       ||    17
       Skin              |     2 |       ||     2
Dodge: Dodged            |    43 |       ||    43
